 Dungeon Crawl Stone Soup version 0.19-a0-1624-ge7438a5 (webtiles) character file.

49 PurpleRed the Skirmisher (level 4, 0/29 HPs)
             Began as a Kobold Berserker on Sept 18, 2016.
             Was a Follower of Trog.
             Slain by a hound (4 damage)
             ... on level 4 of the Dungeon.
             The game lasted 00:06:16 (850 turns).

PurpleRed the Skirmisher (Kobold Berserker)          Turns: 850, Time: 00:06:16

Health: 0/29       AC:  4    Str: 12 (15) XL:     4   Next: 1%
Magic:  4/4        EV: 14    Int:  6 (8)  God:    Trog [*.....]
Gold:   69         SH:  0    Dex: 12 (14) Spells: 0 memorised, 3 levels left

rFire  . . .     SeeInvis .     a - +0 mace
rCold  . . .     Gourm    .     h - +0 leather armour (curse)
rNeg   . . .     Faith    .     (shield restricted)
rPois  +         Spirit   .     (no helmet)
rElec  .         Dismiss  .     k - +0 cloak
rCorr  .         Reflect  .     (no gloves)
MR     .....     Harm     .     (no boots)
Stlth  +.........               (no amulet)
                                (no ring)
                                n - ring of poison resistance

@: exhausted, very slightly contaminated, starving, hasted and slowed
A: carnivore 3
a: Berserk, Burn Spellbooks, Renounce Religion


You were on level 4 of the Dungeon.
You worshipped Trog.
Trog was aware of your devotion.
You were starving.

You visited 1 branch of the dungeon, and saw 4 of its levels.

You collected 69 gold pieces.

Inventory:

Hand Weapons
 a - a +0 mace (weapon)
Missiles
 e - 18 sling bullets
Armour
 b - a +0 animal skin
 h - a cursed +0 leather armour (worn)
 k - a +0 cloak (worn)
Jewellery
 n - a ring of poison resistance (left hand)
Scrolls
 f - a scroll of random uselessness
 p - a scroll of teleportation
Potions
 i - a potion of curing
 m - a potion of degeneration
 o - a potion of haste
Comestibles
 c - a meat ration
 l - a slice of pizza


   Skills:
 + Level 4.0 Fighting
 * Level 3.6 Maces & Flails
 - Level 1.5 Armour
 - Level 2.4 Dodging


You had 3 spell levels left.
You didn't know any spells.

Dungeon Overview and Level Annotations

Branches:
Dungeon (4/15)
 Temple: D:4-7

Altars:

Annotations:
D:3 yaymichael's ghost, amateur GrEE
D:4 Sigmund


Innate Abilities, Weirdness & Mutations

You are small and have problems with some larger weapons.
You are carnivorous and can eat meat at any time.


Message History

You feel weakened.
You feel dopey.
You feel clumsy. The hound bites you. The hound bites you but does no damage.
Something hits you but does no damage.
A worker ant comes into view.
It was a potion of haste.
You feel yourself speed up. The hound bites you but does no damage.
The hound barely misses you. Something hits you but does no damage.
You are very lightly contaminated with residual magic.
You closely miss the hound. The hound bites you but does no damage.
The hound barely misses you.
You hit the hound.
The hound is moderately wounded.
You are starving!
The hound closely misses you.
You hear some strange, mumbled words.
A puff of flame appears from out of thin air!
The puff of flame hits you!
* * * LOW HITPOINT WARNING * * *
The hound bites you.
You die...

.. . #.. .( ...### ...
.... .... ...## .....
#§.#
......####§#############
.....%{§@ha§...........(
.#########§....#########
#####.# #.## #..##
##.[## ##..### ##...#
###.###


You could see a hound and a worker ant.

Vanquished Creatures
  2 adders
  A worm (D:2)
  A dart slug (D:3)
  2 leopard geckos (D:1)
  3 orcs (D:3)
  A giant cockroach (D:3)
  A goblin (D:1)
  A hobgoblin (D:1)
  4 jackals (D:1)
  2 frilled lizards (D:1)
  A kobold (D:3)
  2 rats
21 creatures vanquished.

Notes
Turn   | Place    | Note
-------+----------+-------------------------------------------
     0 | D:1      | PurpleRed the Kobold Berserker began the quest for the Orb.
     0 | D:1      | Reached XP level 1. HP: 14/14 MP: 1/1
   180 | D:1      | Reached XP level 2. HP: 14/20 MP: 2/2
   429 | D:1      | You fall through a shaft!
   629 | D:3      | Noticed yaymichael's ghost (amateur GrEE)
   667 | D:3      | Reached XP level 3. HP: 24/24 MP: 3/3
   837 | D:4      | Reached skill level 4 in Fighting
   837 | D:4      | Reached XP level 4. HP: 29/29 MP: 4/4
   840 | D:4      | Noticed Sigmund
   850 | D:4      | Slain by a hound

Vault maps used:
D:1:      dpeg_arrival_round_c, kennysheep_another_room
D:3:      serial_bayou_pond_e, kennysheep_cross_bottleneck
D:4:      lemuel_round_altar, first_bread, serial_park_tiny_1, uniq_sigmund

Skill      XL: |  1  2  3 |
---------------+----------+-----
Maces & Flails | 3 |  3.6
Fighting       | 4 |  4.0
Armour         | |  1.5
Dodging        | |  2.4

Action                   |  1- 3 |  4- 6 || total
-------------------------+-------+-------++-------
Melee: Mace              |    71 |     2 ||    73
Invok: Berserk           |     3 |       ||     3
  Use: Scroll            |     1 |     3 ||     4
       Potion            |       |     3 ||     3
 Stab: Sleeping          |     1 |       ||     1
  Eat: Chunk             |     1 |       ||     1
Armor: Animal skin       |     2 |       ||     2
       Leather armour    |     7 |     5 ||    12
Dodge: Dodged            |    57 |    11 ||    68
